 Dungeon Crawl Stone Soup version 0.30-a0-691-g754fce4c43 (webtiles) character file.

Game seed: 2194932866832841964

65 Newt the Ducker (level 3, -7/28 HPs)
             Began as a Demonspawn Gladiator on Jan 19, 2023.
             Mangled by Sigmund
             ... wielding a +0 scythe
              (10 damage)
             ... on level 3 of the Dungeon.
             The game lasted 00:01:13 (1311 turns).

Newt the Ducker (Demonspawn Gladiator)              Turns: 1311, Time: 00:01:14

Health: -7/28      AC:  7    Str: 16    XL:     3   Next: 94%
Magic:  3/3        EV: 12    Int:  9    God:
Gold:   96         SH:  0    Dex: 14    Spells: 2/2 levels left

rFire   . . .      SeeInvis .    a - +0 rapier
rCold   . . .      Faith    .    (no shield)
rNeg    . . .      Spirit   .    b - +0 leather armour
rPois   +          Reflect  .    c - +0 helmet
rElec   .          Harm     .    n - +0 cloak
rCorr   .          Rampage  .    j - +1 pair of gloves
Will    .....                    (no boots)
Stlth   +                        (no amulet)
HPRegen 0.24/turn                f - ring of poison resistance
MPRegen 0.08/turn                (no ring)

@: confused
A: claws 1
a: no special abilities


You were on level 3 of the Dungeon.
You visited 1 branch of the dungeon, and saw 3 of its levels.

You collected 96 gold pieces.

Inventory:

Hand Weapons
 a - a +0 rapier (weapon)
Missiles
 d - 2 throwing nets (quivered)
Armour
 b - a +0 leather armour (worn)
 c - a +0 helmet (worn)
 j - a +1 pair of gloves (worn)
 n - a +0 cloak (worn)
 p - a +0 kite shield
Jewellery
 f - a ring of poison resistance (left hand)
 i - a ring of ice
Scrolls
 l - a scroll of teleportation
Potions
 g - a potion of cancellation
 h - 2 potions of flight
 k - a potion of berserk rage {unknown}
 m - 3 potions of curing
 o - a potion of lignification {unknown}


   Skills:
 + Level 2.6 Fighting
 + Level 3.2 Short Blades
 + Level 2.4 Throwing
 + Level 3.2 Dodging


You had 2 spell levels left.
You didn't know any spells.
Your spell library was empty.

Dungeon Overview and Level Annotations

Branches:
Dungeon (3/15)

Altars:

Annotations:
D:3 Sigmund


Innate Abilities, Weirdness & Mutations

You have sharp fingernails.


Message History

Throw: 3 throwing nets
Press: ? - help, Q - select action Shift-Dir - straight line, f/p - Sigmund
Aim: Sigmund, wielding a +0 scythe and wearing a +0 robe (57% to hit)
You throw a throwing net. The throwing net hits Sigmund.
Sigmund is caught in the net!
Sigmund struggles against the net.
You hit Sigmund but do no damage.
Sigmund struggles against the net.
You hit Sigmund.
Sigmund is lightly wounded.
Sigmund struggles against the net.
You hit Sigmund but do no damage.
Sigmund is lightly wounded.
An orc comes into view. It is wielding a +0 hand axe.
Sigmund casts a spell at you.
You are confused.
Sigmund struggles against the net.
You bump into the rock wall.
The orc barely misses you.
You're too confused to move!
The orc hits you with a +3 falchion. Sigmund gestures at you while chanting.
You are more confused.
Sigmund struggles against the net.
The net rips apart, and Sigmund comes free!
You're too confused to move!
Sigmund attacks as you move away! Sigmund hits you with a +0 scythe.
The orc hits you with a +3 falchion.
You see here a ball python corpse.
The orc attacks as you move away! The orc hits you with a +3 falchion.
Sigmund closely misses you. The orc hits you with a +3 falchion.
The orc misses you. The orc hits you but does no damage.
Sigmund gestures wildly while chanting.
Sigmund flickers and vanishes!
Deactivating autopickup; reactivate with Ctrl-A.
The orc closely misses you. Something hits you.
There is a stone staircase leading up here.
The orc hits you but does no damage. The orc hits you with a +3 falchion!
* * * LOW HITPOINT WARNING * * *
In your confused state, you trip and fall back down the stairs.
* * * LOW HITPOINT WARNING * * *
Something hits you!
You die...

##########
........#
.......# #
......###.#
.........#
+######........#
.......{.......#
########o.......#
.......@o........
#####.##o.......#
# #........#
#.........
#........#
#........#
##+#..##.# ..# .#


You could see 3 orcs.

Vanquished Creatures
  Jessica (D:2)
  2 adders (D:2)
  A worm (D:2)
  A giant cockroach (D:1)
  4 goblins
  A hobgoblin (D:1)
  3 jackals (D:2)
  A kobold (D:1)
  A quokka (D:2)
  A ball python (D:3)
  A frilled lizard (D:2)
  2 rats (D:1)
19 creatures vanquished.

Notes
Turn   | Place    | Note
-------+----------+-------------------------------------------
     0 | D:1      | Newt the Demonspawn Gladiator began the quest for the Orb.
     0 | D:1      | Reached XP level 1. HP: 16/16 MP: 1/1
   342 | D:1      | Gained mutation: You have sharp fingernails. [demonic
                  | ancestry]
   342 | D:1      | Reached XP level 2. HP: 20/22 MP: 2/2
   727 | D:2      | Noticed Jessica
   733 | D:2      | Killed Jessica
   734 | D:2      | Reached XP level 3. HP: 23/28 MP: 3/3
  1290 | D:3      | Noticed Sigmund
  1311 | D:3      | Mangled by Sigmund

Illustrated notes

Levels and vault maps discovered:
D:1:      psy_arrival_whirlpool, layout_basic
D:2:      layout_basic, uniq_jessica
D:3:      layout_basic, mainiacjoe_overflow_boulevard, uniq_crazy_yiuf_cottage,
          uniq_grinder, uniq_sigmund

Skill      XL: |  1  2 |
---------------+-------+-----
Throwing       | 2 |  2.4
Short Blades   | 3 |  3.2
Dodging        | 3 |  3.2
Fighting       | |  2.6

Action                   || total
-------------------------++-------
Melee: Rapier            ||    82
       Punch             ||     1
Throw: Javelin           ||     1
       Throwing net      ||     1
  Use: Scroll            ||     6
 Stab: Sleeping          ||     1
Armor: Leather armour    ||    31
Dodge: Dodged            ||    59

Table legend: (Time is in decaauts)
 A = Elapsed time spent in this place.
 B = Non-inter-level travel time spent in this place.
 C = Inter-level travel time spent in this place.
 D = Time resting spent in this place.
 E = Time spent auto-exploring this place.
 F = Levels seen in this place.
 G = Mean time per level.
                   A        B        C        D        E       F      G
               +--------+--------+--------+--------+--------+-----+--------+
         Total |   1318 |   1210 |    108 |      0 |   1010 |   3 |  439.3 |
       Dungeon |   1318 |   1210 |    108 |      0 |   1010 |   3 |  439.3 |
               +--------+--------+--------+--------+--------+-----+--------+

Top non-repeatable levels by time:
     D:1: 715 daAuts
     D:2: 582 daAuts
     D:3: 21 daAuts
